 Dungeon Crawl Stone Soup version 0.23.2-40-g277498a (webtiles) character file.

Game seed: 5496035271128255889

209138 DimondSprtn the Brawler (level 18, -1/193 HPs)
             Began as a Troll Fighter on Sept 30, 2019.
             Was the Champion of Ru.
             Slain by DimondSprtn's illusion (39 damage)
             ... woven by Mara
             ... on level 3 of the Shoals.
             The game lasted 02:11:24 (39644 turns).

DimondSprtn the Brawler (Troll Fighter)            Turns: 39644, Time: 02:11:25

Health: -1/193     AC: 14    Str: 29    XL:     18   Next: 14%
Magic:  22/24      EV: 17    Int:  6    God:    Ru [******]
Gold:   454        SH: 15    Dex: 15    Spells: 17/17 levels left

rFire    . . .     SeeInvis .     - Unarmed
rCold    x . .     Gourm    +   b - +0 shield
rNeg     . . .     Faith    .   X - +0 troll leather armour
rPois    .         Spirit   .   N - +2 hat
rElec    +         Reflect  +   y - scarf {cloud immunity}
rCorr    .         Harm     .   (gloves unavailable)
MR       +....                  (boots unavailable)
Stlth    ..........             h - +2 amulet of reflection
HPRegen  1.22/turn              Q - +4 ring of protection
MPRegen  0.19/turn              w - ring of Balance {rElec rF+ MR+ Int+2}

@: exhausted
A: large, unfitting armour, claws 3, hooves 1, fast metabolism 3, gourmand,
regeneration 1, shaggy fur 1, tough skin 3, wild magic 1, no stealth, inability
to train armour, magic vulnerability 1, disrupted magic 1, missing an eye,
temperature sensitive
}: 1/15 runes: serpentine
a: Draw Out Power, Power Leap, Apocalypse, Renounce Religion


You were on level 3 of the Shoals.
You worshipped Ru.
Ru was exalted by your worship.
You were not hungry.

You visited 5 branches of the dungeon, and saw 30 of its levels.

You collected 2873 gold pieces.
You spent 2419 gold pieces at shops.

Inventory:

Missiles
 k - 42 large rocks (quivered)
Armour
 b - a +0 shield (worn)
 y - a scarf of cloud immunity (worn)
 N - a +2 hat (worn)
 W - a +2 robe of fire resistance
 X - a +0 troll leather armour (worn)
Jewellery
 f - an uncursed ring of poison resistance
 h - a +2 amulet of reflection (around neck)
 i - a +4 ring of protection
 p - an uncursed ring of protection from cold
 q - an uncursed ring of resist corrosion
 w - the ring of Balance (right claw) {rElec rF+ MR+ Int+2}
   (You found it on level 12 of the Dungeon)

   [ring of protection from magic]

   It affects your intelligence (+2).
   It protects you from fire.
   It insulates you from electricity.
   It affects your resistance to hostile enchantments.
 Q - a +4 ring of protection (left claw)
Wands
 u - a wand of clouds (9)
 z - a wand of iceblast (5)
 E - a wand of random effects (7)
 K - a wand of acid (11)
 O - a wand of paralysis (37)
 Y - a wand of disintegration (12)
 Z - a wand of polymorph (17)
Scrolls
 e - 7 scrolls of enchant armour
 l - 8 scrolls of teleportation
 m - 3 scrolls of immolation
 o - 4 scrolls of enchant weapon
 s - 13 scrolls of remove curse
 t - 2 scrolls of amnesia
 v - a scroll of silence {unknown}
 A - 7 scrolls of magic mapping
 I - a scroll of torment {unknown}
 J - 4 scrolls of fear
 L - 3 scrolls of blinking
 P - 2 scrolls of fog
 R - a scroll of summoning
Potions
 a - 3 potions of ambrosia
 c - 5 potions of might
 g - 5 potions of haste
 j - 7 potions of flight
 n - a potion of brilliance
 C - 4 potions of agility
 D - 3 potions of berserk rage
 F - a potion of mutation
 T - a potion of invisibility {unknown}
 U - 2 potions of heal wounds
 V - a potion of cancellation {unknown}
Miscellaneous
 r - a sack of spiders
 x - 2 boxes of beasts
 B - a phial of floods
 G - a lightning rod (4/4)
 H - a lamp of fire
Comestibles
 d - 38 rations


   Skills:
 * Level 15.1 Fighting
 + Level 11.3 Dodging
 + Level 11.3 Shields
 * Level 17.4 Unarmed Combat
 + Level 9.7 Evocations


You had 17 spell levels left.
You didn't know any spells.
Your spell library contained the following spells:

 Spells                   Type           Power        Failure   Level  Hunger
 Animate Skeleton         Necr           N/A          67%         1    ##.....
 Freeze                   Ice            #...         67%         1    ##.....
 Magic Dart               Conj           #...         67%         1    ##.....
 Pain                     Necr           #...         67%         1    ##.....
 Sting                    Conj/Pois      #...         67%         1    ##.....
 Summon Butterflies       Summ           #.......     67%         1    ##.....
 Poisonous Vapours        Pois/Air       #.....       78%         2    ###....
 Searing Ray              Conj           #.....       78%         2    ###....
 Throw Frost              Conj/Ice       #.....       78%         2    ###....
 Call Canine Familiar     Summ           #.......     94%         3    ####...
 Dazzling Spray           Conj/Hex       #.....       94%         3    ####...
 Mephitic Cloud           Conj/Pois/Air  #.......     94%         3    ####...
 Ozocubu's Armour         Chrm/Ice       #.......     94%         3    ####...
 Regeneration             Chrm/Necr      #.........   94%         3    ####...
 Vampiric Draining        Necr           #.........   94%         3    ####...
 Animate Dead             Necr           N/A          100%        4    #####..
 Cause Fear               Hex            #.........   100%        4    #####..
 Force Lance              Conj/Tloc      #.......     100%        4    #####..
 Fulminant Prism          Conj/Hex       #.........   100%        4    #####..
 Iskenderun's Mystic Bla  Conj           #.......     100%        4    #####..
 Olgreb's Toxic Radiance  Pois           #.......     100%        4    #####..
 Summon Ice Beast         Ice/Summ       #.......     100%        4    #####..
 Summon Lightning Spire   Summ/Air       #.......     100%        4    #####..
 Throw Icicle             Conj/Ice       #.......     100%        4    #####..
 Irradiate                Conj/Tmut      #.........   100%        5    ######.
 Silence                  Hex/Air        #.........   100%        5    ######.
 Summon Mana Viper        Hex/Summ       #.......     100%        5    ######.
 Venom Bolt               Conj/Pois      #.........   100%        5    ######.
 Yara's Violent Unravell  Hex/Tmut       #.........   100%        5    ######.
 Conjure Ball Lightning   Conj/Air       #.........   100%        6    #######
 Deflect Missiles         Chrm/Air       #.........   100%        6    #######
 Hydra Form               Tmut           #.........   100%        6    #######
 Statue Form              Tmut/Erth      #........    100%        6    #######
 Dragon Form              Tmut           #.........   100%        7    #######
 Summon Hydra             Summ           #.........   100%        7    #######
 Discord                  Hex            #.........   100%        8    #######
 Tornado                  Air            #.........   100%        9    #######


Dungeon Overview and Level Annotations

Branches:
Dungeon (15/15) Temple (0/1) D:6 Lair (6/6) D:10 Shoals (3/4) Lair:4 Snake (4/4) Lair:3 Slime (0/5) Lair:5 Orc (2/2) D:12 Vaults (0/5) D:13 D:14 Depths (0/5) D:15 Elf: Orc:2

Altars:
Ashenzari
Cheibriados
Dithmenos
Fedhas
Kikubaaqudgha
Makhleb
Nemelex Xobeh
Ru
Trog
Vehumet
Wu Jian
Xom
Yredelemnul
Zin
The Shining One
Beogh
Jiyva

Shops:
D:9 *   D:10 ([*=   Orc:2 }*[%   Shoals:1 *(   Snake:3 =}=

Portals:
Trove: D:11 (lose all piety)

Annotations:
Shoals:3 Ilsuiw, Mara


Innate Abilities, Weirdness & Mutations

You are too large for most types of armour.
You have claws for hands.
Your metabolism is lightning-fast.
You like to eat raw meat.
Your natural rate of healing is unusually fast.
You are covered in fur. (AC +1)
You have extremely tough skin. (AC +3)
You cannot be stealthy.
You cannot train Armour skill.
You are slightly vulnerable to magic. (MR-)
Your casting is slightly disrupted.
You are missing an eye, making it more difficult to aim.
You are sensitive to extremes of temperature. (rF-, rC-)
You have large cloven feet.
Your spells are a little harder to cast, but a little more powerful.


Message History

You closely miss Mara. Your kick misses Mara.
Mara is severely wounded.
You redirect Mara's attack!
Mara hits himself with a +1 vampiric demon whip!!
Mara growls.
You block Mara's attack.
Mara splashes around in the water.
You redirect Mara's attack!
Mara hits you but does no damage.
Mara is no longer blind.
Mara gestures at you. The bolt of fire hits you!!!
* * * LOW HITPOINT WARNING * * *
You redirect Mara's attack!
Mara gestures at you.
The bolt of fire hits Mara.
Mara completely resists.
The bolt of fire hits you!!!
* * * LOW HITPOINT WARNING * * *
Mara blinks!
You feel much better. DimondSprtn's illusion hits you!!!
You die...

≈≈≈≈≈≈≈≈≈≈≈≈≈≈≈≈≈
≈≈≈≈≈≈≈≈≈≈≈≈....≈≈≈≈≈≈≈
≈≈≈≈≈≈≈≈≈≈≈≈.≈≈....≈≈≈≈≈≈≈
≈≈≈≈≈≈≈≈≈≈≈≈≈≈≈≈.≈≈≈≈.≈..≈≈≈≈≈≈
≈≈≈≈≈≈≈≈≈≈≈≈≈≈≈..≈≈≈≈≈≈≈≈≈≈≈≈≈≈
≈≈≈≈≈≈≈≈≈≈≈≈......≈≈≈≈≈≈≈≈≈≈≈≈≈
≈≈≈≈≈≈≈≈≈≈≈≈.......≈≈≈≈≈≈≈≈.≈≈≈
≈..≈≈≈≈≈≈≈............≈≈≈≈≈≈≈≈≈
....≈≈≈≈≈.......@R.....(≈(≈≈≈≈≈
≈..≈≈≈≈≈≈....##..@..R...≈≈≈≈≈≈≈
≈..(≈≈≈≈≈...###....=##...≈≈≈≈≈≈
≈..(((≈.≈≈≈≈###...§.R#....≈≈≈≈≈
...≈≈≈≈..≈≈≈(##..≈≈≈....≈≈≈≈≈≈≈
..((≈≈(()(<≈.....≈≈≈.....≈≈≈≈≈≈
.(#..(##..≈(.....≈≈......≈≈≈≈≈≈
.##...##.≈≈≈....≈≈......≈≈≈≈≈≈≈
..##.P.≈≈≈≈)≈≈..≈≈......≈≈≈≈≈≈≈


You could see 3 Maras and DimondSprtn's illusion.

Vanquished Creatures
  Jorgrun (Orc:2)
  A titan (Shoals:1)
  2 krakens
  The ghost of virulentus the Peltast, an adept DDFi of Makhleb (Shoals:2)
  Aizul (Shoals:2)
  14 nagarajas
  An orc warlord (Orc:2)
  4 stone giants
  A dire elephant (D:14)
  An ettin (Orc:2)
  Josephine (D:15)
  A merfolk impaler (Shoals:2)
  7 hydras
  11 naga warriors
  Harold (D:9)
  2 anacondas
  A merfolk aquamancer (Shoals:2)
  A death knight (D:14)
  2 catoblepae
  2 centaur warriors
  5 death yaks (Lair:6)
  A satyr (Shoals:3)
  5 two-headed ogres
  5 orc high priests (Orc:2)
  4 shock serpents
  2 tengu warriors (D:14)
  12 naga sharpshooters
  4 skeletal warriors (D:14)
  An unseen horror (D:12)
  A salamander mystic (Snake:3)
  7 naga ritualists
  9 sea snakes
  A deep elf archer (D:13)
  3 lindwurms (D:12)
  5 orc knights
  2 deep elf magi
  An orb spider (shapeshifter) (D:14)
  15 harpies
  8 fauns
  6 mana vipers
  A phantasmal warrior (D:14)
  An ugly thing (D:13)
  15 cyclopes
  6 orc sorcerers (Orc:2)
  A manticore (Shoals:1)
  9 salamanders
  2 moths of wrath (Shoals:2)
  An elephant (Lair:3)
  42 black mambas
  4 merfolk sirens
  4 guardian serpents
  2 water nymphs (Shoals:1)
  26 naga magi
  A torpor snail (Lair:5)
  A gargoyle (D:15)
  24 spiny frogs
  A rime drake (Lair:5)
  5 komodo dragons
  2 freezing wraiths (D:14)
  11 trolls
  A hornet (D:10)
  A meliai (shapeshifter) (D:14)
  3 tyrant leeches (Lair:6)
  13 merfolk
  10 slime creatures
  15 hippogriffs
  2 dream sheep (Shoals:2)
  A meliai zombie (D:10)
  4 snapping turtles
  25 blink frogs
  4 shadows
  A spriggan (Lair:3)
  43 yaks
  3 water elementals
  10 wraiths
  16 humans
  A vampire (D:14)
  2 wyverns (D:12)
  5 basilisks
  3 hogs (D:8)
  A hungry ghost (D:13)
  12 vampire mosquitoes
  42 nagas
  4 wargs (Orc:2)
  15 water moccasins
  14 porcupines
  A black bear (D:10)
  4 ice beasts
  20 ogres
  5 sky beasts
  A necrophage (D:6)
  44 orc warriors
  5 phantoms
  An eye of draining (D:13)
  A tengu (shapeshifter) (D:14)
  18 centaurs
  8 wolves
  11 crocodiles
  3 big kobolds
  35 bullfrogs
  A gnoll sergeant (D:12)
  4 scorpions
  25 killer bees
  10 wights
  3 howler monkeys
  6 electric eels
  6 crimson imps
  4 centaur zombies
  A quasit (D:10)
  2 bullfrog zombies
  28 orc priests
  5 centaur skeletons
  A gnoll shaman (D:7)
  6 hounds
  3 jellies
  15 orc wizards
  A bullfrog skeleton (D:5)
  An iguana (shapeshifter) (D:13)
  4 iguanas
  5 hell rats
  7 worker ants
  A killer bee zombie (D:7)
  A hound skeleton (D:9)
  2 worker ant zombies
  A howler monkey zombie (D:6)
  2 howler monkey skeletons
  8 gnolls
  17 adders
  5 shadow imps
  An ooze (D:7)
  2 adder skeletons
  A worm (D:4)
  2 dart slugs (D:1)
  2 leopard geckos
  103 orcs
  A ball python (D:2)
  7 giant cockroaches
  7 hobgoblins
  8 jackals
  2 quokkas
  3 bats (D:1)
  2 frilled lizards
  9 goblins
  13 kobolds
  A leopard gecko zombie (D:6)
  A quokka skeleton (D:4)
  6 rats
  A plant (Lair:6)
  7 tentacles
1074 creatures vanquished.

Vanquished Creatures (others)
  Agnes (D:14)
  Nessos (D:14)
  A merfolk javelineer (Shoals:2)
  A hydra (D:14)
  3 naga sharpshooters (Snake:4)
  A lindwurm (D:12)
  2 unseen horrors
  A harpy (Shoals:1)
  2 cyclopes
  2 fauns (Shoals:3)
  3 naga magi (Snake:4)
  A rime drake (Lair:4)
  2 komodo dragons
  A polar bear (Lair:3)
  A water elemental (Shoals:2)
  2 yaks
  A human (D:13)
  4 centaurs
  A bullfrog (Lair:6)
  An electric eel (D:14)
  A jelly (D:12)
  2 orc priests (Orc:2)
  A worker ant (D:9)
  A worker ant zombie (D:9)
  10 orcs
  62 fungi
  71 plants
  27 tentacles
  4 toadstools (D:1)
211 creatures vanquished.

Grand Total: 1285 creatures vanquished

Notes
Turn   | Place    | Note
-------+----------+-------------------------------------------
     0 | D:1      | DimondSprtn the Troll Fighter began the quest for the Orb.
     0 | D:1      | Reached XP level 1. HP: 22/22 MP: 0/0
   108 | D:1      | Reached XP level 2. HP: 29/29 MP: 1/1
   714 | D:2      | Reached XP level 3. HP: 36/36 MP: 2/2
   939 | D:2      | Found a shimmering altar of Xom.
  1692 | D:3      | Found a snail-covered altar of Cheibriados.
  1694 | D:3      | Reached XP level 4. HP: 45/45 MP: 3/3
  1710 | D:3      | Reached skill level 3 in Unarmed Combat
  1966 | D:4      | Noticed an ogre
  2213 | D:4      | Reached XP level 5. HP: 50/53 MP: 4/4
  2215 | D:4      | Noticed an ogre
  2341 | D:4      | Noticed a hippogriff
  2409 | D:3      | Killed a hippogriff
  2409 | D:3      | Reached skill level 4 in Unarmed Combat
  2409 | D:3      | Reached XP level 6. HP: 37/62 MP: 5/5
  2539 | D:4      | Reached XP level 7. HP: 49/71 MP: 6/6
  2709 | D:4      | Reached skill level 5 in Unarmed Combat
  2749 | D:4      | Found a sacrificial altar of Ru.
  2757 | D:4      | Became a worshipper of Ru the Awakened
  2968 | D:4      | Found a radiant altar of Vehumet.
  3083 | D:5      | Entered Level 5 of the Dungeon
  3089 | D:5      | Found a shattered altar of Ashenzari.
  3113 | D:5      | Found a blossoming altar of Fedhas.
  3113 | D:5      | Found a sparkling altar of Nemelex Xobeh.
  3334 | D:5      | Reached skill level 5 in Fighting
  3401 | D:5      | Reached XP level 8. HP: 78/80 MP: 7/7
  3905 | D:6      | Reached skill level 6 in Unarmed Combat
  3998 | D:6      | Found a glowing golden altar of the Shining One.
  4085 | D:6      | Reached skill level 1 in Evocations
  4120 | D:6      | Gained mutation: You are sensitive to extremes of
                  | temperature. (rF-, rC-) [Ru sacrifice]
  4120 | D:6      | Reached * piety under Ru
  4120 | D:6      | Reached ** piety under Ru
  4204 | D:6      | Found a staircase to the Ecumenical Temple.
  4632 | D:6      | Found a basalt altar of Yredelemnul.
  4784 | D:7      | Reached XP level 9. HP: 70/89 MP: 9/9
  4834 | D:7      | Reached skill level 7 in Unarmed Combat
  5087 | D:7      | Found an ancient bone altar of Kikubaaqudgha.
  5191 | D:7      | Reached skill level 5 in Shields
  5561 | D:7      | Found an ornate altar of the Wu Jian Council.
  5649 | D:8      | Reached skill level 5 in Dodging
  5687 | D:8      | Reached skill level 8 in Unarmed Combat
  5862 | D:8      | Found a blossoming altar of Fedhas.
  5914 | D:8      | Gained mutation: You cannot train Armour skill. [Ru
                  | sacrifice]
  5914 | D:8      | Reached *** piety under Ru
  5914 | D:8      | Reached **** piety under Ru
  6028 | D:8      | Reached XP level 10. HP: 85/102 MP: 11/11
  6272 | D:8      | Found a glowing silver altar of Zin.
  6272 | D:8      | Noticed an angel
  6419 | D:9      | Noticed Harold
  6916 | D:9      | Found a burning altar of Makhleb.
  6918 | D:9      | Noticed a balrug
  7051 | D:9      | Reached skill level 9 in Unarmed Combat
  7108 | D:9      | Found Fifurchy's Demolitions Depot.
  7571 | D:9      | Killed Harold
  7623 | D:10     | Entered Level 10 of the Dungeon
  7641 | D:10     | Reached XP level 11. HP: 104/111 MP: 12/12
  7788 | D:10     | Found Hedorgh's Jewellery Emporium.
  8410 | D:10     | Bought a +4 ring of protection for 576 gold pieces
  8431 | D:10     | Reached skill level 10 in Unarmed Combat
  8590 | D:10     | Found Biufir's Weapon Boutique.
  8615 | D:10     | Found Luynwett's Armour Boutique.
  8640 | D:10     | Noticed a centaur warrior
  8664 | D:10     | Killed a centaur warrior
  8706 | D:10     | Gained mutation: You are slightly vulnerable to magic.
                  | (MR-) [Ru sacrifice]
  8706 | D:10     | Reached ***** piety under Ru
  8760 | D:10     | Found a staircase to the Lair.
  8893 | D:10     | Found Uqoh's General Store.
  9106 | D:11     | Found a shadowy altar of Dithmenos.
  9719 | D:11     | Found a portal to a secret trove of treasure.
 10202 | D:12     | Gained mutation: Your casting is slightly disrupted. [Ru
                  | sacrifice]
 10285 | D:12     | Noticed a deep elf mage
 10293 | D:12     | Killed a deep elf mage
 10293 | D:12     | Reached XP level 12. HP: 122/124 MP: 14/14
 10323 | D:12     | Reached skill level 11 in Unarmed Combat
 10361 | D:12     | Reached skill level 5 in Evocations
 10894 | D:12     | Found a staircase to the Orcish Mines.
 11406 | D:12     | Got a slimy jade ring
 11420 | D:12     | Gained mutation: Your body sometimes deteriorates upon
                  | taking damage. [potion of mutation]
 11420 | D:12     | Gained mutation: You have very sharp teeth. [potion of
                  | mutation]
 11421 | D:12     | Lost mutation: You have very sharp teeth. [potion of
                  | mutation]
 11421 | D:12     | Lost mutation: Your body sometimes deteriorates upon taking
                  | damage. [potion of mutation]
 11421 | D:12     | Gained mutation: Armour fits poorly on your strangely
                  | shaped body. [potion of mutation]
 11421 | D:12     | Gained mutation: Your mind is acute. (Int +2) [potion of
                  | mutation]
 11422 | D:12     | Lost mutation: Your mind is acute. (Int +2) [potion of
                  | mutation]
 11422 | D:12     | Lost mutation: Armour fits poorly on your strangely shaped
                  | body. [potion of mutation]
 11422 | D:12     | Gained mutation: You are frail. (-10% HP) [potion of
                  | mutation]
 11422 | D:12     | Lost mutation: You are frail. (-10% HP) [potion of
                  | mutation]
 11539 | D:12     | Identified the ring of Balance {rElec rF+ MR+ Int+2} (You
                  | found it on level 12 of the Dungeon)
 11699 | D:13     | Reached skill level 10 in Fighting
 12021 | D:13     | Found a frozen archway.
 12024 | D:13     | Noticed a six-headed hydra
 12045 | D:13     | Killed an eight-headed hydra
 12083 | D:13     | Noticed a four-headed hydra
 12088 | D:13     | Killed a four-headed hydra
 12809 | D:14     | Found a gate to the Vaults.
 12809 | D:14     | Noticed Nessos
 12809 | D:14     | Noticed a two-headed ogre
 12829 | D:13     | Reached skill level 12 in Unarmed Combat
 13002 | D:13     | Reached XP level 13. HP: 122/135 MP: 16/16
 13293 | D:14     | Killed Nessos
 13583 | D:14     | Noticed Agnes
 14430 | D:14     | Killed Agnes
 15038 | D:15     | Entered Level 15 of the Dungeon
 15070 | D:15     | Noticed Josephine
 15543 | D:15     | Reached skill level 13 in Unarmed Combat
 15865 | D:15     | Killed Josephine
 15916 | D:15     | Reached XP level 14. HP: 127/146 MP: 17/17
 16305 | D:15     | Found a staircase to the Depths.
 16678 | Lair:1   | Entered Level 1 of the Lair of Beasts
 18265 | Lair:3   | Gained mutation: You cannot be stealthy. [Ru sacrifice]
 18442 | Lair:3   | Found a staircase to the Snake Pit.
 19013 | Lair:4   | Found a staircase to the Shoals.
 19024 | Lair:4   | Reached skill level 14 in Unarmed Combat
 19762 | Lair:4   | Gained mutation: You are missing an eye, making it more
                  | difficult to aim. [Ru sacrifice]
 19762 | Lair:4   | Reached ****** piety under Ru
 20547 | Lair:5   | Found a viscous altar of Jiyva.
 20548 | Lair:5   | Found a staircase to the Slime Pits.
 20922 | Lair:6   | Entered Level 6 of the Lair of Beasts
 21054 | Lair:6   | Reached XP level 15. HP: 76/158 MP: 19/19
 23127 | Orc:1    | Entered Level 1 of the Orcish Mines
 23416 | Orc:1    | You fall through a shaft!
 23416 | Orc:2    | Entered Level 2 of the Orcish Mines
 23419 | Orc:2    | Found a roughly hewn altar of Beogh.
 23634 | Orc:2    | Found Juoss's Antique Armour Boutique.
 23805 | Orc:2    | Noticed Jorgrun
 23857 | Orc:2    | Killed Jorgrun
 24149 | Orc:2    | Noticed an orc warlord
 24158 | Orc:2    | Reached skill level 15 in Unarmed Combat
 24200 | Orc:2    | Killed an orc warlord
 24706 | Orc:2    | Found Ynigebes's Food Shop.
 24848 | Orc:2    | Found a roughly hewn altar of Beogh.
 24936 | Orc:2    | Found Farru's Gadget Shop.
 24947 | Orc:2    | Bought a wand of disintegration (12) for 192 gold pieces
 24947 | Orc:2    | Bought a wand of polymorph (6) for 96 gold pieces
 24947 | Orc:2    | Bought a box of beasts for 240 gold pieces
 24947 | Orc:2    | Bought a fan of gales for 480 gold pieces
 25064 | Orc:2    | Found Anti's Assorted Antiques.
 25249 | Orc:2    | Paralysed by an orc sorcerer for 2 turns
 25618 | Orc:2    | Gained mutation: You are frail. (-10% HP) [a neqoxec]
 25619 | Orc:2    | Gained mutation: You are weak. (Str -2) [a neqoxec]
 26330 | Snake:1  | Entered Level 1 of the Snake Pit
 26447 | Snake:1  | Reached skill level 10 in Shields
 26674 | Snake:1  | Reached XP level 16. HP: 144/153 MP: 21/21
 26710 | Snake:1  | Found a glowing silver altar of Zin.
 27157 | Snake:2  | Reached skill level 10 in Dodging
 30556 | Snake:3  | Reached skill level 16 in Unarmed Combat
 31169 | Snake:3  | Found Utwun's Jewellery Boutique.
 31171 | Snake:3  | Found Gimpext's Gadget Emporium.
 31172 | Snake:3  | Found Dydwiu's Jewellery Boutique.
 31182 | Snake:3  | Bought an uncursed ring of poison resistance for 220 gold
                  | pieces
 31182 | Snake:3  | Bought an uncursed ring of protection from cold for 275
                  | gold pieces
 31190 | Snake:3  | Bought a sack of spiders for 340 gold pieces
 31692 | Snake:4  | Entered Level 4 of the Snake Pit
 32563 | Snake:4  | Reached XP level 17. HP: 158/162 MP: 22/22
 32957 | Snake:4  | Paralysed by a naga for 5 turns
 33943 | Snake:4  | Identified a scroll of acquirement
 34613 | Snake:4  | Got a serpentine rune of Zot
 34896 | Shoals:1 | Entered Level 1 of the Shoals
 35234 | Shoals:1 | Found Teelu's Weapon Shoppe.
 35443 | Shoals:1 | Noticed a kraken
 35657 | Shoals:1 | Found Rhilenapu's Retail Resort.
 35676 | Shoals:1 | Noticed a kraken
 35773 | Shoals:1 | Killed a kraken
 35963 | Shoals:1 | Reached skill level 17 in Unarmed Combat
 36040 | Shoals:1 | Noticed a titan
 36079 | Shoals:1 | Killed a titan
 36329 | Shoals:2 | Noticed Aizul
 36336 | Shoals:2 | Killed Aizul
 36409 | Shoals:2 | Found a transporter.
 36734 | Shoals:2 | Found a transporter.
 36735 | Shoals:2 | Found a bloodstained altar of Trog.
 36735 | Shoals:2 | Noticed virulentus's ghost (adept DDFi)
 36735 | Shoals:2 | Identified the +8 trident of Xom's Indignation {elec, rElec
                  | Int+2}
 36749 | Shoals:2 | Identified the +5 trident of Pimoxac {flame, Str+3}
 38054 | Shoals:2 | Reached skill level 15 in Fighting
 38059 | Shoals:2 | Reached XP level 18. HP: 64/173 MP: 19/24
 38209 | Shoals:2 | Killed virulentus's ghost
 38679 | Shoals:3 | Noticed Ilsuiw
 39131 | Shoals:3 | Noticed Mara
 39141 | Shoals:3 | Noticed DimondSprtn's illusion
 39418 | Snake:4  | Lost mutation: You are frail. (-10% HP) [potion of
                  | mutation]
 39418 | Snake:4  | Lost mutation: You are weak. (Str -2) [potion of mutation]
 39418 | Snake:4  | Gained mutation: Your spells are a little harder to cast,
                  | but a little more powerful. [potion of mutation]
 39418 | Snake:4  | Gained mutation: You have large cloven feet. [potion of
                  | mutation]
 39628 | Shoals:3 | Noticed DimondSprtn's illusion
 39644 | Shoals:3 | Slain by DimondSprtn's illusion

Skill      XL: |  1  2  3  4  5  6  7  8  9 10 11 12 13 14 15 16 17 |
---------------+----------------------------------------------------+-----
Fighting       | 3 4 5 6 7 8 9 10 11 12 13 14 15 | 15.1
Unarmed Combat | 3 4 5 6 8 9 10 12 13 14 15 16 17 | 17.4
Shields        | 3 4 5 6 7 8 9 10 11 | 11.3
Dodging        | 3 4 5 6 7 8 9 10 11 | 11.3
Evocations     | 1 2 3 4 5 6 7 8 9 |  9.7

Action                   |  1- 3 |  4- 6 |  7- 9 | 10-12 | 13-15 | 16-18 || total
-------------------------+-------+-------+-------+-------+-------+-------++-------
Melee: Unarmed           |    92 |    70 |   373 |   792 |  1755 |  1136 ||  4218
       Kick              |       |       |       |       |       |     7 ||     7
Throw: Tomahawk          |       |       |       |    27 |       |       ||    27
       Large rock        |       |       |       |    15 |    41 |   182 ||   238
Invok: Sacrifice Resista |       |       |     1 |       |       |       ||     1
       Sacrifice Durabil |       |       |     1 |       |       |       ||     1
       Power Leap        |       |       |       |     5 |     6 |    20 ||    31
       Sacrifice Essence |       |       |       |     2 |       |       ||     2
       Draw Out Power    |       |       |       |     2 |       |     2 ||     4
       Reject Sacrifices |       |       |       |       |     1 |       ||     1
       Sacrifice Stealth |       |       |       |       |     1 |       ||     1
       Sacrifice an Eye  |       |       |       |       |     1 |       ||     1
Evoke: Wand              |       |       |       |     6 |    22 |    20 ||    48
       Lightning rod     |       |       |       |     5 |     4 |       ||     9
       Phial of floods   |       |       |       |       |     2 |       ||     2
  Use: Scroll            |       |       |     8 |    11 |     7 |     6 ||    32
       Potion            |       |       |     2 |     7 |     9 |     7 ||    25
 Stab: Sleeping          |     2 |       |       |       |     1 |       ||     3
       Invisible         |       |       |     1 |     8 |    13 |    11 ||    33
       Distracted        |       |       |     1 |     1 |     9 |     4 ||    15
       Paralysed         |       |       |       |     2 |    11 |    19 ||    32
  Eat: Chunk             |    21 |     8 |    32 |    69 |   126 |    67 ||   323
       Ration            |       |       |       |       |       |    15 ||    15
Armor: Robe              |    30 |    37 |    51 |   202 |   329 |       ||   649
       Troll leather arm |       |       |       |       |    66 |   217 ||   283
Dodge: Dodged            |    25 |    32 |    85 |   308 |   723 |   550 ||  1723
Block: Shield            |    29 |    48 |   189 |   489 |   974 |   803 ||  2532
       Reflection        |     2 |       |    11 |    25 |    21 |   135 ||   194
